 Dungeon Crawl Stone Soup version 0.21.1-1-g345015fe64 (webtiles) character file.

1583 Kejsarherre the Conjurer (level 8, -2/63 HPs)
             Began as a Mummy Conjurer on May 8, 2018.
             Was an Initiate of Gozag.
             Shot with an arrow by a centaur (7 damage)
             ... on level 6 of the Dungeon.
             The game lasted 00:14:50 (5285 turns).

Kejsarherre the Conjurer (Mummy Conjurer)           Turns: 5285, Time: 00:14:52

Health: -2/63      AC:  6    Str: 14    XL:     8   Next: 60%
Magic:  8/15       EV: 17    Int: 20    God:    Gozag
Gold:   628        SH:  0    Dex: 17    Spells: 5/16 levels left

rFire    x . .     SeeInvis .   d - +0 dagger
rCold    + . .     Gourm    .   (no shield)
rNeg     + + +     Faith    .   a - +0 robe
rPois    ∞         Spirit   .   m - +2 helmet
rElec    .         Reflect  .   (no cloak)
rCorr    .         Harm     .   (no gloves)
MR       +....                  n - +0 pair of boots
Stlth    +++.......             j - amulet of magic regeneration
HPRegen  0.20/turn              f - +3 ring of strength
MPRegen  0.39/turn              o - +3 ring of intelligence

@: agile, invisible
A: no food or potions, fire vulnerability, cold resistance 1, negative energy
resistance 3, torment resistance, unbreathing
a: Potion Petition, Call Merchant, Bribe Branch, Renounce Religion


You were on level 6 of the Dungeon.
You worshipped Gozag.
Gozag was pleased with you.
You were not hungry.

You visited 2 branches of the dungeon, and saw 7 of its levels.
You also visited: Sewer.

You collected 715 gold pieces.
You paid 87 gold pieces to Gozag.

Inventory:

Hand Weapons
 d - a +0 dagger (weapon)
Armour
 a - a +0 robe (worn)
 m - a +2 helmet (worn)
 n - a +0 pair of boots (worn)
Jewellery
 f - a +3 ring of strength (left hand)
 j - an amulet of magic regeneration (around neck)
 o - a +3 ring of intelligence (right hand)
Scrolls
 c - 4 scrolls of identify {unknown}
 e - 3 scrolls of teleportation {unknown}
 g - 3 scrolls of enchant armour {unknown}
 h - a scroll of amnesia {unknown}
 i - 2 scrolls of random uselessness {unknown}
 k - 3 scrolls of fog {unknown}
 l - 2 scrolls of remove curse {unknown}
 p - a scroll of magic mapping {unknown}
 q - a scroll of blinking {unknown}
 r - a scroll of immolation {unknown}
 s - a scroll of noise {unknown}
Books
 b - a book of Conjurations

   Spells                             Type                      Level
   a - Magic Dart                     Conjuration                  1
   b - Searing Ray                    Conjuration                  2
   c - Dazzling Spray                 Conjuration/Hexes            3
   d - Fulminant Prism                Conjuration/Hexes            4
   e - Force Lance                    Conjuration/Translocation    4
   f - Iskenderun's Mystic Blast      Conjuration                  4


   Skills:
 - Level 5.4 Fighting
 - Level 1.5 Dodging
 - Level 1.5 Stealth
 + Level 4.8 Spellcasting
 + Level 6.4 Conjurations
 - Level 4.5 Translocations


You had 5 spell levels left.
You knew the following spells:

 Your Spells              Type           Power        Failure   Level  Hunger
a - Magic Dart            Conj           ####         1%          1    N/A
b - Searing Ray           Conj           ####..       1%          2    N/A
c - Iskenderun's Mystic   Conj           ####....     9%          4    N/A
d - Force Lance           Conj/Tloc      ####....     12%         4    N/A

Dungeon Overview and Level Annotations

Branches:
Dungeon (6/15)             Temple (1/1) D:4

Altars:
Ashenzari
Cheibriados
Elyvilon
Fedhas
Gozag
Hepliaklqana
Kikubaaqudgha
Makhleb
Nemelex Xobeh
Qazlal
Ru
Sif Muna
Trog
Uskayaw
Vehumet
Wu Jian
Xom
The Shining One


Innate Abilities, Weirdness & Mutations

You do not eat or drink.
Your flesh is vulnerable to fire.
You are immune to poison.
Your flesh is cold resistant. (rC+)
You are immune to negative energy. (rN+++)
You are immune to unholy pain and torment.
You can survive without breathing.


Message History

The centaur shoots an arrow.
The arrow hits you.
The centaur shoots an arrow.
The arrow hits you!
* * * LOW HITPOINT WARNING * * *
Casting: Iskenderun's Mystic Blast
Confirm with . or Enter, or press ? or * to list all spells.
Aiming: Iskenderun's Mystic Blast
Press: ? - help, Shift-Dir - straight line, f/p - centaur
Aim: a centaur, wielding a shortbow of velocity (heavily wounded)
The orb of energy hits the centaur.
The centaur is heavily wounded.
The centaur shoots an arrow.
The arrow hits you!
* * * LOW HITPOINT WARNING * * *
x2 [a] - 0 gold - might, agility, brilliance, haste and flight [b] - 0 gold - resistance, might and haste [c] - 0 gold - invisibility and agility Purchase which effect?
You fade into invisibility!
You feel agile all of a sudden.
The centaur shoots an arrow.
The arrow hits you!
You die...
Your body crumbles into a pile of gold.

#..#.#
#..#.# #
..#.# #..
..#.# #..#
#.#c#
#..###.#.#
#......#.#
#......@.#
##.##.####
#.#!..####
#........+
#<#...####
#)##.##
#......##
#.##.#.# #
#.#.#


You could see a centaur.

Vanquished Creatures
  The ghost of Nattfarinn the Sneak, an amateur GnEn (D:4)
  A sky beast (D:5)
  2 ogres
  A centaur (D:5)
  7 big kobolds (Sewer)
  Blork the orc (D:5)
  A crimson imp (D:6)
  A gnoll shaman (D:6)
  An orc wizard (D:4)
  A bullfrog skeleton (D:5)
  2 worker ants (D:5)
  A hound skeleton (D:4)
  A worker ant zombie (D:6)
  3 gnolls (D:6)
  9 adders
  A river rat (Sewer)
  6 oozes
  5 worms
  5 dart slugs
  4 leopard geckos
  13 orcs
  7 ball pythons
  5 giant cockroaches
  6 goblins
  7 hobgoblins
  6 jackals (D:3)
  12 kobolds
  4 quokkas
  2 ball python skeletons
  7 bats
  9 frilled lizards
  2 jackal skeletons (D:4)
  12 rats
146 creatures vanquished.

Notes
Turn   | Place    | Note
-------+----------+-------------------------------------------
     0 | D:1      | Kejsarherre the Mummy Conjurer began the quest for the Orb.
     0 | D:1      | Reached XP level 1. HP: 13/13 MP: 4/4
   424 | D:1      | Reached XP level 2. HP: 19/19 MP: 3/6
   975 | D:1      | Learned a level 2 spell: Searing Ray
   979 | D:1      | Reached XP level 3. HP: 24/24 MP: 6/8
  1541 | D:2      | Found a faded altar of an unknown god.
  1672 | D:2      | Reached skill level 4 in Conjurations
  1672 | D:2      | Reached XP level 4. HP: 25/30 MP: 6/10
  1751 | D:2      | Learned a level 4 spell: Iskenderun's Mystic Blast
  1756 | D:2      | Learned a level 4 spell: Force Lance
  2265 | D:3      | Reached skill level 1 in Fighting
  2601 | D:3      | Reached XP level 5. HP: 37/37 MP: 7/11
  2792 | D:3      | Found a shattered altar of Ashenzari.
  3225 | D:4      | Found a sacrificial altar of Ru.
  3234 | D:4      | Noticed an ogre
  3246 | D:4      | Killed an ogre
  3246 | D:4      | Reached XP level 6. HP: 47/47 MP: 6/12
  3442 | D:4      | Found a staircase to the Ecumenical Temple.
  3455 | Temple   | Entered the Ecumenical Temple
  3592 | Temple   | Became a worshipper of Gozag Ym Sagoz the Greedy
  3634 | D:4      | Noticed Nattfarinn's ghost (amateur GnEn)
  3648 | D:4      | Killed Nattfarinn's ghost
  3648 | D:4      | Reached skill level 5 in Conjurations
  3826 | D:5      | Entered Level 5 of the Dungeon
  3826 | D:5      | Found a glowing drain.
  3875 | Sewer    | Entered a sewer
  3901 | Sewer    | Reached XP level 7. HP: 49/54 MP: 11/13
  4157 | Sewer    | Reached skill level 5 in Fighting
  4157 | Sewer    | Reached skill level 6 in Conjurations
  4367 | Sewer    | Reached skill level 1 in Translocations
  4374 | Sewer    | Reached XP level 8. HP: 63/63 MP: 2/14
  4859 | D:5      | Noticed Blork the orc
  4869 | D:5      | Killed Blork the orc
  5285 | D:6      | Shot with an arrow by a centaur

Skill      XL: |  1  2  3  4  5  6  7  8 |
---------------+-------------------------+-----
Spellcasting   | 3 4 |  4.8
Conjurations   | 4 5 6 |  6.4
Fighting       | 1 3 4 5 |  5.4
Translocations | 2 4 |  4.5
Dodging        | |  1.5
Stealth        | |  1.5

Action                   |  1- 3 |  4- 6 |  7- 9 || total
-------------------------+-------+-------+-------++-------
Melee: Unarmed           |     4 |       |       ||     4
       Dagger            |    22 |    14 |    32 ||    68
 Cast: Magic Dart        |    72 |   131 |   101 ||   304
       Searing Ray       |       |    14 |    19 ||    33
       Iskenderun's Myst |       |     1 |     8 ||     9
       Force Lance       |       |       |     1 ||     1
Invok: Potion Petition   |       |       |     1 ||     1
Armor: Robe              |     6 |    13 |    23 ||    42
Dodge: Dodged            |    38 |    39 |    42 ||   119
